 Dungeon Crawl Stone Soup version 0.21-a0-286-g6fcecc0 (webtiles) character file.

94 tidbits the Grave Robber (level 4, 0/33 HPs)
             Began as a Draconian Necromancer on Sept 26, 2017.
             Killed by divine providence
             ... invoked by an orc priest
              (10 damage)
             ... on level 3 of the Dungeon.
             The game lasted 00:06:10 (893 turns).

tidbits the Grave Robber (Draconian Necromancer)     Turns: 893, Time: 00:06:11

Health: 0/33       AC:  8    Str: 11    XL:     4   Next: 38%
Magic:  2/8        EV: 12    Int: 16    God:
Gold:   69         SH:  0    Dex: 11    Spells: 1/8 levels left

rFire    . . .     SeeInvis .   a - book of Necromancy
rCold    . . .     Gourm    .   (no shield)
rNeg     . . .     Faith    .   (armour unavailable)
rPois    .         Spirit   .   (helmet restricted)
rElec    .         Reflect  .   (no cloak)
rCorr    .         Harm     .   (no gloves)
MR       .....                  (no boots)
Stlth    ++........             (no amulet)
HPRegen  0.11/turn              U - +3 ring of protection
MPRegen  0.11/turn              (no ring)

@: no status effects
A: unfitting armour, cold-blooded, AC +5
a: no special abilities


You were on level 3 of the Dungeon.
You were not hungry.

You visited 1 branch of the dungeon, and saw 3 of its levels.

You collected 69 gold pieces.

Inventory:

Hand Weapons
 d - a +0 dagger
 l - a +0 halberd
Missiles
 e - 29 stones (quivered)
 h - 27 arrows
Jewellery
 U - a +3 ring of protection (left hand)
   (You found it on level 1 of the Dungeon)
Scrolls
 c - a scroll of amnesia {unknown}
 f - a scroll of identify {unknown}
 g - a scroll of blinking {unknown}
 m - a scroll of teleportation {unknown}
Potions
 j - 2 potions of agility {unknown}
 n - a potion of heal wounds
Books
 a - a book of Necromancy (in hand)

   Spells                             Type                      Level
   a - Pain                           Necromancy                   1
   b - Animate Skeleton               Necromancy                   1
   c - Vampiric Draining              Necromancy                   3
   d - Regeneration                   Charms/Necromancy            3
   e - Animate Dead                   Necromancy                   4
   f - Control Undead                 Necromancy                   4
Comestibles
 b - 3 bread rations
 i - a royal jelly
 k - 3 chunks of flesh


   Skills:
 - Level 1.7 Dodging
 - Level 1.7 Stealth
 + Level 2.9 Spellcasting
 * Level 5.3 Necromancy


You had one spell level left.
You knew the following spells:

 Your Spells              Type           Power        Failure   Level  Hunger
a - Pain                  Necr           ###.         1%          1    #......
b - Vampiric Draining     Necr           ###.......   6%          3    ###....
r - Regeneration          Chrm/Necr      ##........   19%         3    ###....


Dungeon Overview and Level Annotations

Branches:
Dungeon (3/15)

Altars:
Zin

Portals:
Sewer: D:3


Innate Abilities, Weirdness & Mutations

Your plain brown scales are hard. (AC +5)
You cannot fit into any form of body armour.
You are cold-blooded and may be slowed by cold attacks.


Message History

The ball python hisses angrily.
The ball python closely misses you. The ball python grabs you.
The ball python constricts you.
Casting: Pain
Confirm with . or Enter, or press ? or * to list all spells.
Aiming: Pain
Press: ? - help, Shift-Dir - straight line, f - ball python
Aim: a ball python (constricting you, chance to defeat MR: 89%)
The ball python writhes in agony!
You kill the ball python!
There is a stone staircase leading up here.
You climb upwards.
There is a stone staircase leading down here.
Wield which item (- for none, * to show all)? (? for menu, Esc to quit)
a - a book of Necromancy (in hand)
You swing at nothing.
You swing at nothing.
You swing at nothing.
You swing at nothing.
You swing at nothing.
You swing at nothing.
You swing at nothing.
You swing at nothing.
You swing at nothing.
You swing at nothing.
You swing at nothing.
You swing at nothing.
You swing at nothing.
You swing at nothing.
You swing at nothing.
You swing at nothing.
You swing at nothing.
You are feeling hungry.
You climb downwards.
You hear the sound of rushing water.
There is an entrance to a sewer on this level.
Hurry and find it before the portal rusts away!
You hear the rusting of a very distant drain.
There is a stone staircase leading up here.
There is a stone staircase leading up here.
Things that are here:
a robe; a dagger You see here an enchanted whip.
Things that are here:
an enchanted trident; a club; an orc corpse
Casting: Pain
Confirm with . or Enter, or press ? or * to list all spells.
Aiming: Pain
Press: ? - help, Shift-Dir - straight line, f - worm
Aim: a worm (chance to defeat MR: 84%)
The worm writhes in agony!
Casting: Pain
Confirm with . or Enter, or press ? or * to list all spells.
Aiming: Pain
Press: ? - help, Shift-Dir - straight line, f/p - worm
Aim: a worm (moderately wounded, chance to defeat MR: 84%)
The worm writhes in agony!
Casting: Pain
Confirm with . or Enter, or press ? or * to list all spells.
Aiming: Pain
Press: ? - help, Shift-Dir - straight line, f/p - worm
Aim: a worm (severely wounded, chance to defeat MR: 84%)
The worm barely resists.
Casting: Pain
Confirm with . or Enter, or press ? or * to list all spells.
Aiming: Pain
Press: ? - help, Shift-Dir - straight line, f/p - worm
Aim: a worm (severely wounded, chance to defeat MR: 84%)
The worm writhes in agony!
Casting: Pain
Confirm with . or Enter, or press ? or * to list all spells.
Aiming: Pain
Press: ? - help, Shift-Dir - straight line, f/p - worm
Aim: a worm (severely wounded, chance to defeat MR: 84%)
The worm writhes in agony!
Casting: Pain
Confirm with . or Enter, or press ? or * to list all spells.
Aiming: Pain
Press: ? - help, Shift-Dir - straight line, f/p - worm
Aim: a worm (severely wounded, chance to defeat MR: 84%)
The worm writhes in agony!
You kill the worm!
Things that are here:
an enchanted trident; a club; an orc corpse You butcher the orc corpse.
k - 4 chunks of flesh (gained 2)
Things that are here:
an enchanted trident; a club Eat one of 4 chunks of flesh? (ye/n/q)
You eat one of the 4 chunks of flesh.
This raw flesh tastes terrible.
You see here an enchanted whip.
Things that are here:
a robe; a dagger
There is a stone staircase leading up here.
The orc priest shouts!
The orc priest calls down the wrath of Beogh upon you.
Beogh smites you!
* * * LOW HITPOINT WARNING * * *
The orc priest mumbles some strange prayers to Beogh against you.
Beogh smites you!
You die...

#. ≈.....≈≈ #.
#.##≈≈.≈≈# #.#
#.##≈≈.≈≈##... #.#
#........S.≈# #.#
#w##...###### #.#
#.##...####### #.#
#.##..........
##.###..†....######
#####...@...........#
#......######.o#.##.#
#..###<# #..#.# #
#..).[.# #..#.#
#.)##### #..#.# #..#
#...#. #..# ####.
#..# . #..#


You could see an orc priest.

Vanquished Creatures
  An orc wizard (D:3)
  2 gnolls (D:2)
  2 adders (D:2)
  A worm (D:3)
  A leopard gecko (D:2)
  2 orcs (D:3)
  A giant cockroach (D:1)
  4 goblins (D:2)
  4 hobgoblins
  A jackal (D:2)
  A ball python (D:3)
  3 bats (D:2)
  A frilled lizard (D:1)
  2 kobolds (D:2)
  3 rats
29 creatures vanquished.

Notes
Turn   | Place    | Note
-------+----------+-------------------------------------------
     0 | D:1      | tidbits the Draconian Necromancer began the quest for the Orb.
     0 | D:1      | Reached XP level 1. HP: 14/14 MP: 3/3
   223 | D:2      | Reached XP level 2. HP: 16/20 MP: 0/5
   259 | D:2      | Found a glowing silver altar of Zin.
   528 | D:2      | HP: 1/20 [gnoll/halberd (11)]
   553 | D:2      | Reached XP level 3. HP: 4/26 MP: 4/6
   597 | D:2      | Learned a level 3 spell: Regeneration
   601 | D:2      | Learned a level 3 spell: Vampiric Draining
   686 | D:2      | Reached skill level 5 in Necromancy
   815 | D:3      | Reached XP level 4. HP: 24/33 MP: 0/8
   825 | D:3      | Found a glowing drain.
   893 | D:3      | Killed from afar by an orc priest

Vault maps used:
D:1:      kilobyte_arrival_exit_the_forest
D:2:      old_standard_altar
D:3:      nicolae_qazlal_style_of_elements, cheibrodos_sewer_entry_sluice

Skill      XL: |  1  2  3 |
---------------+----------+-----
Necromancy     | 5 |  5.3
Dodging        | |  1.7
Stealth        | |  1.7
Spellcasting   | |  2.9

Action                   |  1- 3 |  4- 6 || total
-------------------------+-------+-------++-------
Melee: Dagger            |     9 |       ||     9
       Unarmed           |     1 |       ||     1
       Halberd           |     5 |       ||     5
       Tailslap          |     1 |       ||     1
Throw: Stone             |     1 |       ||     1
 Cast: Pain              |    54 |     8 ||    62
       Regeneration      |     2 |       ||     2
  Use: Potion            |     1 |       ||     1
  Eat: Chunk             |     1 |     1 ||     2
Armor: Skin              |    14 |       ||    14
Dodge: Dodged            |    10 |     1 ||    11

Table legend:
 A = Spawn XP
 B = Non-spawn XP
 C = Spawn XP percentage of total XP
 D = Spawn monster count
 E = Non-spawn monster count
 F = Spawn count percentage of total count
 G = Total turns spent on level
                    A         B        C        D         E        F      G
               +---------+---------+-------+---------+---------+-------+---------
         Total |       0 |     135 |   0.0 |       0 |      29 |   0.0 |   893
               +---------+---------+-------+---------+---------+-------+---------
           D:1 |       0 |       4 |   0.0 |       0 |       3 |   0.0 |   226
           D:2 |       0 |      82 |   0.0 |       0 |      20 |   0.0 |   547
           D:3 |       0 |      49 |   0.0 |       0 |       6 |   0.0 |   120
               +---------+---------+-------+---------+---------+-------+---------

Table legend:
 A = Turns spent in this place as a percentage of turns spent in the entire game.
 B = Non-inter-level travel turns spent in this place as a percentage of non-inter-level travel turns spent in the entire game.
 C = Inter-level travel turns spent in this place as a percentage of turns spent in this place.
 D = Turns resting spent in this place as a percentage of non-inter-level travel turns spent in this place.
 E = Turns spent auto-exploring this place as a percentage of non-inter-level travel turns spent in this place.
 F = Non-inter-level travel turns spent in this place divided by the number of levels of this place that you've seen.
                   A       B       C       D       E      F
               +-------+-------+-------+-------+-------+----------------------
         Total | 100.0 | 100.0 |   0.0 |   0.0 |   0.0 | 297.7
       Dungeon | 100.0 | 100.0 |   0.0 |   0.0 |   0.0 | 297.7
               +-------+-------+-------+-------+-------+----------------------

Table legend:
 A = Kills in this place as a percentage of kills in entire the game.
 B = Kills by you in this place as a percentage of kills by you in the entire game.
 C = Kills by friends in this place as a percentage of kills by friends in the entire game.
 D = Other kills in this place as a percentage of other kills in the entire game.
 E = Experience gained in this place as a percentage of experience gained in the entire game.
 F = Experience gained in this place divided by the number of levels of this place that you have seen.
                   A       B       C       D       E      F
               +-------+-------+-------+-------+-------+----------------------
         Total | 100.0 | 100.0 |   N/A |   N/A | 100.0 |  45.0
       Dungeon | 100.0 | 100.0 |   N/A |   N/A | 100.0 |  45.0
               +-------+-------+-------+-------+-------+----------------------

Vault maps used:
D:1:      kilobyte_arrival_exit_the_forest
D:2:      old_standard_altar
D:3:      nicolae_qazlal_style_of_elements, cheibrodos_sewer_entry_sluice
